 Dungeon Crawl Stone Soup version 0.19.1-1-g22dce08 (webtiles) character file.

863 Peloso the Skirmisher (level 8, -2/68 (69) HPs)
             Began as a Ghoul Fighter on Jan 6, 2017.
             Slain by Menkaure (18 damage)
             ... on level 4 of the Dungeon.
             The game lasted 00:11:18 (3651 turns).

Peloso the Skirmisher (Ghoul Fighter)               Turns: 3651, Time: 00:11:18

HP:   -2/68 (69)    AC: 13    Str: 20    XL:     8   Next: 3%
MP:   0/7           EV:  4    Int:  3    God:
Gold: 117           SH: 10    Dex: 10    Spells: 0 memorised, 7 levels left

rFire  . . .     SeeInvis .     a - +0 long sword
rCold  + + .     Gourm    .     r - +0 plate armour
rNeg   + + +     Faith    .     c - +1 shield
rPois  ∞         Spirit   +     (no helmet)
rElec  .         Reflect  .     o - +0 cloak
rCorr  .         Harm     .     (no gloves)
MR     .....                    (no boots)
Stlth  ..........               i - amulet of guardian spirit
                                (no ring)
                                d - ring of protection from cold

@: rotting
A: rotting body, claws 1, carnivore 3, cold resistance 1, negative energy
resistance 3, slow regeneration 1, torment resistance, unbreathing
a: no special abilities


You were on level 4 of the Dungeon.
You were not hungry.

You visited 1 branch of the dungeon, and saw 4 of its levels.

You collected 117 gold pieces.

Inventory:

Hand Weapons
 a - a +0 long sword (weapon)
Armour
 c - a +1 shield (worn)
 o - a +0 cloak (worn)
 r - a +0 plate armour (worn)
Jewellery
 d - a ring of protection from cold (left claw)
 i - an amulet of guardian spirit (around neck)
Scrolls
 j - 2 scrolls of amnesia {unknown}
 k - a scroll of teleportation {unknown}
 l - 2 scrolls of remove curse
 p - 2 scrolls of magic mapping {unknown}
 q - 2 scrolls of fear {unknown}
Potions
 b - 2 potions of curing
 e - a potion of flight
 m - a potion of haste
 n - a potion of berserk rage
Comestibles
 f - 4 meat rations
 g - a beef jerky


   Skills:
 + Level 5.5 Fighting
 + Level 5.0 Long Blades
 + Level 4.0 Armour
 + Level 1.8 Dodging
 + Level 4.4 Shields


You had 7 spell levels left.
You didn't know any spells.

Dungeon Overview and Level Annotations

Branches:
Dungeon (4/15)
 Temple: D:4-7

Altars:

Annotations:
D:4 Menkaure


Innate Abilities, Weirdness & Mutations

Your body is rotting away.
You thrive on raw meat.
You are immune to poison.
You have sharp fingernails.
You are carnivorous and can eat meat at any time.
Your flesh is cold resistant. (rC+)
You are immune to negative energy. (rN+++)
You regenerate slowly when monsters are visible.
You are immune to unholy pain and torment.
You can survive without breathing.


Message History

You block Menkaure's attack.
You hit Menkaure.
Menkaure is heavily damaged.
Menkaure hits you! Menkaure hits you.
Your shield and plate armour prevent you from hitting Menkaure.
Menkaure is heavily damaged.
Menkaure casts a spell.
You closely miss Menkaure.
Menkaure is heavily damaged.
Menkaure hits you!
You hit Menkaure.
Menkaure is heavily damaged.
Menkaure hits you!
* * * LOW HITPOINT WARNING * * *
Menkaure points at you and mumbles some strange words.
You are unaffected.
You hit Menkaure.
Menkaure is severely damaged.
Menkaure hits you!!
You die...

#####.####.##
########...........###
...............###...#.#
...............#⌠#...#..
..........##+#.###...###
.....................#..
.....................#..
........................
......M@..$..........###
..............).........
##########...........###
#...........# #
############# #


You could see Menkaure.

Vanquished Creatures
  Grinder (D:3)
  A gnoll sergeant (D:3)
  2 gnoll shamans (D:3)
  Crazy Yiuf (D:3)
  Jessica (D:3)
  39 gnolls
  3 adders
  2 oozes
  A worm (D:3)
  A dart slug (D:2)
  5 bats
  2 giant cockroaches (D:1)
  11 goblins
  4 hobgoblins
  17 jackals
  2 kobolds (D:1)
  3 quokkas
  A ball python (D:1)
  3 frilled lizards
  6 rats
106 creatures vanquished.

Notes
Turn   | Place    | Note
-------+----------+-------------------------------------------
     0 | D:1      | Peloso the Ghoul Fighter began the quest for the Orb.
     0 | D:1      | Reached XP level 1. HP: 19/19 MP: 0/0
   285 | D:1      | Reached XP level 2. HP: 25/25 MP: 1/1
   370 | D:1      | Reached XP level 3. HP: 30/33 MP: 2/2
  1119 | D:2      | Reached XP level 4. HP: 40/40 MP: 3/3
  1806 | D:3      | Noticed Grinder
  1900 | D:3      | Paralysed by Grinder for 6 turns
  1911 | D:3      | Paralysed by Grinder for 5 turns
  1917 | D:3      | Killed Grinder
  1917 | D:3      | Reached skill level 1 in Dodging
  1917 | D:3      | Reached XP level 5. HP: 40/47 MP: 4/4
  1917 | D:3      | Reached XP level 6. HP: 45/53 MP: 5/5
  2371 | D:3      | Reached skill level 5 in Fighting
  2371 | D:3      | Reached XP level 7. HP: 52/61 MP: 6/6
  2990 | D:3      | Noticed Jessica
  3003 | D:3      | Killed Jessica
  3133 | D:3      | Found a runed door.
  3366 | D:3      | Reached skill level 5 in Long Blades
  3534 | D:3      | Noticed Crazy Yiuf
  3554 | D:3      | Killed Crazy Yiuf
  3554 | D:3      | Reached XP level 8. HP: 58/69 MP: 4/7
  3638 | D:4      | Noticed Menkaure
  3651 | D:4      | Slain by Menkaure

Skill      XL: |  1  2  3  4  5  6  7 |
---------------+----------------------+-----
Long Blades    | 2 3 5 |  5.0
Armour         | 3 4 |  4.0
Fighting       | 4 5 |  5.5
Shields        | 3 4 |  4.4
Dodging        | 1 |  1.8

Action                   |  1- 3 |  4- 6 |  7- 9 || total
-------------------------+-------+-------+-------++-------
Melee: Long sword        |    94 |   154 |   257 ||   505
  Use: Potion            |     3 |       |     1 ||     4
       Scroll            |     5 |     1 |       ||     6
  Eat: Chunk             |     4 |    17 |    21 ||    42
Armor: Scale mail        |    29 |    88 |    39 ||   156
       Plate armour      |       |       |   108 ||   108
Dodge: Dodged            |    26 |    56 |    57 ||   139
Block: Shield            |    58 |   129 |   178 ||   365
       Rpst.: Long sword |     9 |    16 |    16 ||    41
